 Dungeon Crawl Stone Soup version 0.27-a0-1105-g946c659c87 (webtiles) character file.

Game seed: 3714261464065865190

259 EnegeticOcto the Cudgeller (level 5, -1/38 HPs)
             Began as a Mummy Warper on Apr 30, 2021.
             Was a Believer of Dithmenos.
             Slain by a centaur (2 damage)
             ... on level 5 of the Dungeon.
             The game lasted 00:14:10 (5877 turns).

EnegeticOcto the Cudgeller (Mummy Warper)           Turns: 5877, Time: 00:14:10

Health: -1/38      AC:  6    Str: 21    XL:     5   Next: 95%
Magic:  9/9        EV: 10    Int: 13    God:    Dithmenos [**....]
Gold:   115        SH:  0    Dex: 11    Spells: 7/9 levels left

rFire    x . .     SeeInvis .   p - +1 mace (venom)
rCold    + + .     Faith    .   (no shield)
rNeg     + + +     Spirit   .   k - +0 scale mail {rC+}
rPois    ∞         Reflect  .   (no helmet)
rElec    .         Harm     .   (no cloak)
rCorr    .         Rampage  .   (no gloves)
Will     .....                  (no boots)
Stlth    ..........             (no amulet)
HPRegen  0.12/turn              g - +6 ring of strength
MPRegen  0.11/turn              (no ring)

@: wreathed by umbra
A: cold resistance 1, negative energy resistance 3, torment resistance 2,
unbreathing 1, heat vulnerability 1, no potions
a: Renounce Religion, Shadow Step


You were on level 5 of the Dungeon.
You worshipped Dithmenos.
Dithmenos was pleased with you.
You visited 1 branch of the dungeon, and saw 5 of its levels.

You collected 315 gold pieces.
You spent 200 gold pieces at shops.

Inventory:

Hand Weapons
 a - a +0 mace
 h - a +2 dagger of protection
   (You took it off a goblin on level 1 of the Dungeon)
 j - a +0 flail
   (You took it off Terence on level 3 of the Dungeon)
 p - a +1 mace of venom (weapon)
   (You took it off an orc priest on level 2 of the Dungeon)
Missiles
 e - 3 boomerangs of dispersal
 f - 21 poisoned darts (quivered)
 o - 3 silver javelins
Armour
 b - a +0 leather armour
 c - a +0 scale mail
   (You found it on level 1 of the Dungeon)
 k - a +0 scale mail of cold resistance (worn)
   (You took it off Terence on level 3 of the Dungeon)
Jewellery
 g - a +6 ring of strength (left hand)
   (You found it on level 4 of the Dungeon)
Wands
 q - a wand of polymorph (8)
   (You took it off an orc on level 4 of the Dungeon)
 s - a wand of acid (10) {@v1}
   (You bought it in a shop on level 4 of the Dungeon)
 t - a wand of mindburst (16)
   (You bought it in a shop on level 4 of the Dungeon)
Scrolls
 d - a scroll of blinking {@r4}
 i - a scroll of enchant weapon
 l - a scroll of immolation
 m - 2 scrolls of vulnerability
 n - a scroll of enchant armour
 r - a scroll of magic mapping {@r5 !r}


   Skills:
 - Level 2.0 Fighting
 + Level 5.1 Maces & Flails
 - Level 0.7 Throwing
 - Level 0.7 Armour
 - Level 1.5 Dodging
 - Level 0.5 Stealth
 - Level 2.6 Spellcasting
 - Level 2.4 Translocations


You had 7 spell levels left.
You knew the following spells:

 Your Spells              Type           Power      Damage    Failure   Level
Y - Blink                 Tloc           N/A        N/A       36%         2

Your spell library contained the following spells:

 Spells                   Type           Power      Damage    Failure   Level
 Gell's Gravitas          Tloc           4%         N/A       58%         3
 Lesser Beckoning         Tloc           4%         N/A       58%         3
 Teleport Other           Tloc           8%         N/A       58%         3
 Manifold Assault         Tloc           8%         N/A       100%        5


Dungeon Overview and Level Annotations

Branches:
Dungeon (5/15)
 Temple: D:4-7

Altars:
Dithmenos
Nemelex Xobeh
Trog

Shops:
D:4 *


Innate Abilities, Weirdness & Mutations

You are immune to poison.
Your flesh is cold resistant. (rC+)
You are immune to negative energy. (rN+++)
You are immune to unholy pain and torment.
You can survive without breathing.
You are vulnerable to heat. (rF-)
You do not drink.


Message History

There is an entrance to Nyheaph's Assorted Antiques here.
s - a wand of acid (10) {@v1};
t - a wand of mindburst (16) Thank you for shopping at Nyheaph's Assorted Antiques!
You can access your shopping list by pressing '$'.
Done exploring.
Done exploring.
(D) Dungeon
Where to? (Enter - D:4 @ (x,y), ? - help)
There is a stone staircase leading down here.
You climb downwards.
Found a hunting sling and a scroll labelled YHEOZEUZXO.
There is a stone staircase leading up here.
A centaur comes into view.
The centaur shouts!
The centaur wields a +0 shortbow.
The centaur shoots an arrow.
The arrow barely misses you.
Found a stone staircase leading up.
The centaur shoots an arrow.
The arrow hits you.
The centaur shoots an arrow.
The arrow hits you!
The centaur shoots an arrow.
The arrow barely misses you.
The centaur shoots an arrow.
The arrow hits you.
There is a stone staircase leading up here.
The centaur shoots an arrow.
The arrow hits you.
You climb upwards.
There is a stone staircase leading down here.
You start resting.
HP restored.
You climb downwards.
The centaur shoots an arrow.
The arrow barely misses you.
The centaur shoots an arrow.
The arrow hits you.
The centaur shoots an arrow.
The arrow closely misses you.
There is a stone staircase leading up here.
The centaur shoots an arrow.
The arrow hits you.
You climb upwards.
There is a stone staircase leading down here.
You start resting.
HP restored.
You climb downwards.
A sky beast comes into view.
The centaur shoots an arrow.
The arrow barely misses you.
There is a stone staircase leading up here.
The centaur shoots an arrow.
The arrow hits you!
You climb upwards.
There is a stone staircase leading down here.
You start resting.
HP restored.
There is an open door here.
There is a stone staircase leading down here.
You climb downwards.
The centaur shoots an arrow.
The arrow hits you.
Found 13 gold pieces.
There is a stone staircase leading up here.
The centaur shoots an arrow.
The arrow hits you!
The centaur shoots an arrow.
The arrow barely misses you.
The centaur unwields a +0 shortbow.
The centaur hits you but does no damage.
The centaur barely misses you.
You barely miss the centaur. The centaur completely misses you.
The centaur kicks you.
The centaur hits you but does no damage.
The centaur kicks you but does no damage.
You hit the centaur.
The centaur is lightly wounded.
The centaur hits you but does no damage.
The centaur kicks you but does no damage.
You barely miss the centaur.
The centaur is lightly wounded.
The centaur barely misses you. The centaur closely misses you. x2
The centaur kicks you but does no damage.
The sky beast barely misses you.
You hit the centaur but do no damage.
The centaur hits you but does no damage.
The centaur closely misses you.
The sky beast flickers out of sight!
Deactivating autopickup; reactivate with Ctrl-A.
Something hits you but does no damage. The centaur closely misses you. x2
You hit the centaur.
The centaur is lightly wounded.
The centaur barely misses you. The centaur closely misses you.
Something hits you but does no damage.
The centaur hits you but does no damage.
The centaur kicks you but does no damage.
You hit the centaur but do no damage.
The centaur is lightly wounded.
The centaur hits you.
The centaur kicks you but does no damage.
Something hits you but does no damage.
You thump the centaur!
The centaur is heavily wounded.
The centaur hits you.
The centaur kicks you but does no damage.
Something hits you. Something shocks you.
* * * LOW HITPOINT WARNING * * *
The centaur hits you but does no damage.
The centaur closely misses you. Something hits you.
* * * LOW HITPOINT WARNING * * *
Something shocks you.
* * * LOW HITPOINT WARNING * * *
You can't drink.
Okay, then.
Okay, then.
The centaur hits you.
You die...

#... #..## .# ..
#...### #.. ...
#.$...# ....
....##....##.....
.......<...#....
#...............
...........#...
......?{c@.# #. .
...........#.##.#
........#.##....#
.#......#........
#...........##..
##......<.......
##.............
................
.#..............


You could see a centaur.

Vanquished Creatures
  An orc priest (D:2)
  An iguana (D:4)
  An orc wizard (D:3)
  Terence (D:3)
  A hound skeleton (D:4)
  2 gnolls
  4 adders
  3 dart slugs
  3 orcs
  4 ball pythons
  5 endoplasms
  5 giant cockroaches
  7 goblins
  6 hobgoblins
  9 jackals
  2 quokkas (D:4)
  4 bats
  5 frilled lizards
  7 kobolds
  5 rats
76 creatures vanquished.

Notes
Turn   | Place    | Note
-------+----------+-------------------------------------------
     0 | D:1      | EnegeticOcto the Mummy Warper began the quest for the Orb.
     0 | D:1      | Reached XP level 1. HP: 16/16 MP: 4/4
   492 | D:2      | Reached skill level 2 in Maces & Flails
   492 | D:2      | Reached XP level 2. HP: 19/22 MP: 5/5
  1194 | D:1      | Reached XP level 3. HP: 16/27 MP: 7/7
  1372 | D:1      | Reached skill level 3 in Maces & Flails
  1534 | D:1      | Found a faded altar of an unknown god.
  1543 | D:1      | Became a worshipper of Dithmenos the Shadowed
  1543 | D:1      | Reached * piety under Dithmenos
  2111 | D:2      | Reached XP level 4. HP: 33/33 MP: 8/8
  2479 | D:2      | Found a bloodstained altar of Trog.
  2480 | D:2      | Reached ** piety under Dithmenos
  2484 | D:2      | Learned a level 2 spell: Blink
  2793 | D:3      | Noticed Terence
  2825 | D:3      | Killed Terence
  3076 | D:3      | Reached skill level 4 in Maces & Flails
  3811 | D:2      | Reached XP level 5. HP: 18/38 MP: 9/9
  4849 | D:4      | Found Nyheaph's Assorted Antiques.
  4976 | D:4      | Found a sparkling altar of Nemelex Xobeh.
  5011 | D:4      | Reached skill level 5 in Maces & Flails
  5469 | D:4      | Bought a glowing bone wand for 100 gold pieces
  5469 | D:4      | Bought a runed iron wand for 100 gold pieces
  5495 | D:5      | Entered Level 5 of the Dungeon
  5496 | D:5      | Noticed a centaur
  5739 | D:5      | Noticed a sky beast
  5876 | D:5      | HP: 1/38 [something (6)]
  5877 | D:5      | Slain by a centaur

Illustrated notes

Levels and vault maps discovered:
D:1:      evilmike_arrival_plus, layout_loops_ring,
          ebering_ecumenical_altar_rust, st_stairs_8
D:2:      layout_basic, basic_altar
D:3:      layout_loops_ring, kennysheep_minor_cross, kennysheep_cross_room,
          minmay_bisected, uniq_terence
D:4:      layout_gridville, marbit_many_paths, serial_shops, nicolae_shop_trees
D:5:      layout_cave_pools, nrook_mini_backslash

Skill      XL: |  1  2  3  4  5 |
---------------+----------------+-----
Maces & Flails | 2 3 4 5 |  5.1
Fighting       | |  2.0
Throwing       | |  0.7
Armour         | |  0.7
Dodging        | |  1.5
Stealth        | |  0.5
Spellcasting   | |  2.6
Translocations | |  2.4

Action                   |  1- 3 |  4- 6 || total
-------------------------+-------+-------++-------
Melee: Mace              |   139 |    73 ||   212
       Flail             |       |    43 ||    43
Throw: Boomerang         |     2 |       ||     2
       Dart              |    13 |    18 ||    31
  Use: Scroll            |       |     6 ||     6
Armor: Scale mail        |    72 |    50 ||   122
       Leather armour    |     1 |       ||     1
Dodge: Dodged            |   104 |    87 ||   191

Table legend: (Time is in decaauts)
 A = Elapsed time spent in this place.
 B = Non-inter-level travel time spent in this place.
 C = Inter-level travel time spent in this place.
 D = Time resting spent in this place.
 E = Time spent auto-exploring this place.
 F = Levels seen in this place.
 G = Mean time per level.
                   A        B        C        D        E       F      G
               +--------+--------+--------+--------+--------+-----+--------+
         Total |   5943 |   5528 |    415 |   1877 |   2461 |   5 | 1188.6 |
       Dungeon |   5943 |   5528 |    415 |   1877 |   2461 |   5 | 1188.6 |
               +--------+--------+--------+--------+--------+-----+--------+

Top non-repeatable levels by time:
     D:1: 1873 daAuts
     D:3: 1454 daAuts
     D:4: 1434 daAuts
     D:2: 1158 daAuts
     D:5: 23 daAuts
